 Dungeon Crawl Stone Soup version 0.29.1-15-g9cfb28693d (webtiles) character file.

Game seed: 13559330416127284150

12828 croobank the Destroyer (level 11, -5/84 HPs)
             Began as a Gnoll Conjurer on May 2, 2023.
             Was a High Priest of Nemelex Xobeh.
             Slain by a skeletal warrior
             ... wielding a +0 halberd
              (24 damage)
             ... on level 11 of the Dungeon.
             The game lasted 00:36:19 (12692 turns).

croobank the Destroyer (Gnoll Conjurer)            Turns: 12692, Time: 00:36:19

Health: -5/84      AC: 17    Str:  9    XL:     11   Next: 99%
Magic:  14/23      EV: 14    Int: 22    God:    Nemelex Xobeh [*****.]
Gold:   673        SH:  5    Dex: 10    Spells: 14/27 levels left

rFire   . . .      SeeInvis .   J - +8 rapier of the Horn {pain, Will++}
rCold   . . .      Faith    .   (no shield)
rNeg    + . .      Spirit   .   r - +4 leather armour "Hissewn" {rPois Str+2 Stlth+}
rPois   +          Reflect  +   x - +1 helmet
rElec   .          Harm     .   (no cloak)
rCorr   .          Rampage  .   t - +2 pair of gloves
Will    ++...                   (no boots)
Stlth   ++++......              f - amulet of reflection
HPRegen 0.24/turn               w - ring of positive energy
MPRegen 0.18/turn               g - +4 ring of protection

@: no status effects
A: fangs 1, strong nose, distributed training
a: Renounce Religion, Draw Escape, Draw Destruction, Draw Summoning, Triple
Draw, Deal Four, Stack Five


You were on level 11 of the Dungeon.
You worshipped Nemelex Xobeh.
Nemelex Xobeh was extremely pleased with you.
You visited 1 branch of the dungeon, and saw 11 of its levels.
You also visited: Bailey.

You collected 881 gold pieces.
You spent 208 gold pieces at shops.

Inventory:

Hand Weapons
 a - a +2 shortbow of freezing
 d - the +6 dagger of Fanom {antimagic, Dex+6}
   (You took it off an orc on level 7 of the Dungeon)

   It reduces the magical energy of the wielder, and disrupts the spells and
   magical abilities of those it strikes.
   Natural abilities and divine invocations are not affected.
   Dex:       It affects your dexterity (+6).
 h - a +0 scimitar
 i - a +5 war axe
 A - a +0 long sword of venom
 D - a +2 whip of flaming
 J - the +8 rapier of the Horn (weapon) {pain, Will++}
   (You took it off an orc on level 6 of the Dungeon)

   In the hands of one skilled in necromantic magic, it inflicts extra damage on
   living creatures.
   Will:      It greatly increases your willpower.
 M - a +3 rapier of electrocution
 P - a +0 mace of holy wrath
 T - a -2 demon whip of venom
Missiles
 k - 5 throwing nets
 o - 5 javelins
 z - 18 poisoned darts
Armour
 r - the +4 leather armour "Hissewn" (worn) {rPois Str+2 Stlth+}
   (You found it on level 2 of the Dungeon)

   Str:       It affects your strength (+2).
   rPois:     It protects you from poison.
   Stlth:     It makes you more stealthy.
 t - a +2 pair of gloves (worn)
 x - a +1 helmet (worn)
 H - +0 swamp dragon scales
 N - the +3 leather armour "Faang" {Fly rF++ rCorr Str-4}
   (You found it in a bailey)

   Str:       It affects your strength (-4).
   rF:        It greatly protects you from fire.
   Fly:       It grants you flight.
   rCorr:     It protects you from acid and corrosion.
 R - the +4 troll leather armour of the Snake Pit {rF- Regen+ rCorr Stlth+}
   (You found it in a bailey)

   rF:        It makes you vulnerable to fire.
   Regen:     It increases your rate of health regeneration.
   rCorr:     It protects you from acid and corrosion.
   Stlth:     It makes you more stealthy.
Magical Staves
 K - a staff of cold
Jewellery
 f - an amulet of reflection (around neck)
 g - a +4 ring of protection (right hand)
 w - a ring of positive energy (left hand)
Wands
 p - a wand of roots (13)
 v - a wand of acid (9)
 y - a wand of flame (17)
Scrolls
 j - 2 scrolls of blinking
 l - a scroll of amnesia
 m - a scroll of immolation
 E - a scroll of silence
 F - a scroll of magic mapping
 G - 2 scrolls of fog
 I - 4 scrolls of teleportation
 O - a scroll of fear
Potions
 b - 4 potions of magic
 c - 6 potions of curing
 e - 2 potions of invisibility
 n - 8 potions of heal wounds
 q - a potion of lignification
 s - 3 potions of attraction
 u - 3 potions of brilliance
 B - 2 potions of haste {unknown}
 C - 3 potions of resistance {unknown}
 L - 2 potions of flight {unknown}
 Q - a potion of might {unknown}
 S - 2 potions of mutation {unknown}


   Skills:
 + Level 7.0 Fighting
 + Level 7.0 Short Blades
 + Level 7.0 Long Blades
 + Level 7.0 Axes
 + Level 7.0 Maces & Flails
 + Level 7.0 Polearms
 + Level 7.0 Staves
 + Level 7.0 Ranged Weapons
 + Level 7.0 Throwing
 + Level 7.0 Armour
 + Level 8.5 Dodging
 + Level 8.3 Stealth
 + Level 7.0 Shields
 + Level 7.0 Unarmed Combat
 + Level 8.7 Spellcasting
 + Level 9.3 Conjurations
 + Level 5.8 Hexes
 + Level 5.8 Summonings
 + Level 5.8 Necromancy
 + Level 5.8 Translocations
 + Level 5.8 Transmutations
 + Level 5.8 Fire Magic
 + Level 5.8 Ice Magic
 + Level 5.8 Air Magic
 + Level 5.8 Earth Magic
 + Level 5.8 Poison Magic
 + Level 7.7 Invocations
 + Level 7.0 Evocations


You had 14 spell levels left.
You knew the following spells:

 Your Spells              Type           Power      Damage    Failure   Level
a - Magic Dart            Conj           100%       1d8       1%          1
b - Searing Ray           Conj           100%       2d8       1%          2
c - Dazzling Flash        Conj/Hex       86%        N/A       1%          3
d - Iskenderun's Mystic   Conj/Tloc      43%        2d10      4%          4
e - Mephitic Cloud        Conj/Pois/Air  40%        N/A       1%          3

Your spell library contained the following spells:

 Spells                   Type           Power      Damage    Failure   Level
 Blink                    Tloc           70%        N/A       1%          2
 Call Imp                 Summ           35%        N/A       1%          2
 Ensorcelled Hibernation  Hex/Ice        70%        N/A       1%          2
 Passwall                 Tmut/Erth      29%        N/A       1%          2
 Conjure Flame            Conj/Fire      43%        6-21      1%          3
 Frozen Ramparts          Ice            70%        1d11      2%          3
 Ignite Poison            Fire/Tmut/Pois 35%        N/A       2%          3
 Lesser Beckoning         Tloc           35%        N/A       2%          3
 Swiftness                Air            35%        N/A       2%          3
 Fulminant Prism          Conj/Hex       21%        3d13      4%          4
 Sticky Flame             Conj/Fire      43%        2d6       4%          4
 Ice Form                 Ice/Tmut       35%        N/A       9%          4
 Petrify                  Tmut/Erth      35%        N/A       9%          4
 Summon Ice Beast         Ice/Summ       35%        N/A       9%          4
 Manifold Assault         Tloc           35%        N/A       22%         5
 Metabolic Englaciation   Hex/Ice        17%        N/A       22%         5
 Statue Form              Tmut/Erth      23%        N/A       77%         6


Dungeon Overview and Level Annotations

Branches:
Dungeon (11/15)            Temple (0/1) D:5            Lair (0/5) D:10
    Orc (0/2) D:10         Bailey (visited)

Altars:
Dithmenos
Elyvilon
Nemelex Xobeh
Ru
Vehumet
Wu Jian

Shops:
D:5 !   D:7 [


Innate Abilities, Weirdness & Mutations

You have very sharp teeth.
Your uncanny sense of smell can sniff out nearby items.
Your experience applies equally to all skills.


Message History

Your Maces & Flails skill increases to level 7!
Your Polearms skill increases to level 7!
Your Staves skill increases to level 7!
Your Ranged Weapons skill increases to level 7!
Your Throwing skill increases to level 7!
Your Armour skill increases to level 7!
Your Shields skill increases to level 7!
Your Unarmed Combat skill increases to level 7!
Your Evocations skill increases to level 7!
The skeletal warrior is engulfed in blazing flames.
The skeletal warrior explodes!
The fiery explosion engulfs the skeletal warrior!!
The skeletal warrior is heavily damaged.
The skeletal warrior is engulfed in blazing flames.
You draw a card...
You have drawn the Tomb.
Walls emerge from the floor!
Your magical contamination has completely faded away.
You start resting.
The walls disappear!
The skeletal warrior closely misses you.
The skeletal warrior hits you from afar with a +0 halberd!
* * * LOW HITPOINT WARNING * * *
Saving game... please wait.
Welcome back, croobank the Gnoll Conjurer.
Nemelex Xobeh says: It's all in the cards!
Press ? for a list of commands and other information.
You draw a card...
You have drawn the Illusion.
Suddenly you stand beside yourself.
You block the skeletal warrior's attack.
The skeletal warrior barely misses you.
You draw a card...
You have drawn Pain.
Press: ? - help, Shift-Dir - straight line, f - skeletal warrior
Aim: a skeletal warrior, wielding a +0 dire flail (moderately damaged)
The bolt of negative energy hits the skeletal warrior.
The skeletal warrior completely resists.
The skeletal warrior is moderately damaged.
The skeletal warrior barely misses you.
The skeletal warrior hits you from afar with a +0 halberd!!
You die...
Your body glows slightly and disappears.

#####.......[.....#......##
.....................#...).
#########...#......<...#
#####...#.....####.#
...................
.##............####
#.....###(......# +....##
#..z.@..# #....# ###@....#
####.# #.....# .. #zz...# .
.).....# ........#
.........# ..........#
....####..... ..... .....


You could see 3 skeletal warriors and the friendly croobank's illusion
(summoned).

Vanquished Creatures
  3 two-headed ogres
  Amaemon (D:11)
  2 skeletal warriors (D:11)
  Pikel (D:4)
  An orange demon (D:11)
  Maggie (D:6)
  Prince Ribbit (D:5)
  A vampire (D:10)
  3 wyverns
  Eustachio (D:6)
  A basilisk (D:6)
  A steam dragon (D:7)
  2 wargs (D:10)
  3 water moccasins
  An acid dragon (D:11)
  5 orc warriors
  2 ice beasts
  2 sky beasts
  2 black bears (D:7)
  3 ogres
  7 centaurs
  2 kobold brigands
  3 lemures (D:4)
  2 necrophages (D:6)
  3 scorpions
  3 bullfrogs
  14 wights
  12 killer bees
  5 vampire bats (Bailey)
  A howler monkey (D:10)
  2 electric eels (D:9)
  7 wolf zombies (Bailey)
  7 hounds
  2 jellies
  9 orc priests
  2 gnoll boudas
  6 iguanas
  7 orc wizards
  17 gnolls
  A river rat (D:6)
  12 adders
  2 shadow imps (D:6)
  An ufetubus (D:5)
  6 worms
  2 dart slugs
  28 orcs
  3 ball pythons
  8 bats
  9 endoplasms
  2 giant cockroaches
  8 goblins
  6 hobgoblins
  2 jackals (D:2)
  13 kobolds
  5 quokkas
  6 frilled lizards
  23 orc zombies (Bailey)
  6 rats
291 creatures vanquished.

Vanquished Creatures (collateral kills)
  Harold (D:10)
  A gargoyle (Bailey)
  A vampire (Bailey)
3 creatures vanquished.

Vanquished Creatures (others)
  A killer bee (D:7)
  8 plants (D:9)
9 creatures vanquished.

Grand Total: 303 creatures vanquished

Notes
Turn   | Place    | Note
-------+----------+-------------------------------------------
     0 | D:1      | croobank the Gnoll Conjurer began the quest for the Orb.
     0 | D:1      | Reached XP level 1. HP: 13/13 MP: 6/6
   297 | D:1      | Found a faded altar of an unknown god.
   303 | D:1      | Reached XP level 2. HP: 19/19 MP: 2/7
   306 | D:1      | Learned a level 2 spell: Searing Ray
   357 | D:1      | Prayed at the altar of an unknown god.
   357 | D:1      | Became a worshipper of Nemelex Xobeh the Trickster
   357 | D:1      | Reached * piety under Nemelex Xobeh
   915 | D:1      | Reached skill level 5 in Spellcasting
   915 | D:1      | Reached XP level 3. HP: 19/25 MP: 4/9
   964 | D:1      | Learned a level 3 spell: Dazzling Flash
  1298 | D:2      | Received a gift from Nemelex Xobeh
  1334 | D:2      | Reached skill level 1 in Invocations
  1719 | D:2      | Reached ** piety under Nemelex Xobeh
  1745 | D:2      | Identified the +4 leather armour "Hissewn" {rPois Str+2
                  | Stlth+}
  1765 | D:2      | Received a gift from Nemelex Xobeh
  2163 | D:3      | Reached skill level 1 in Fighting
  2163 | D:3      | Reached skill level 1 in Short Blades
  2163 | D:3      | Reached skill level 1 in Long Blades
  2163 | D:3      | Reached skill level 1 in Axes
  2163 | D:3      | Reached skill level 1 in Maces & Flails
  2163 | D:3      | Reached skill level 1 in Polearms
  2163 | D:3      | Reached skill level 1 in Staves
  2163 | D:3      | Reached skill level 1 in Ranged Weapons
  2163 | D:3      | Reached skill level 1 in Throwing
  2163 | D:3      | Reached skill level 1 in Armour
  2163 | D:3      | Reached skill level 1 in Shields
  2163 | D:3      | Reached skill level 1 in Unarmed Combat
  2163 | D:3      | Reached skill level 1 in Evocations
  2337 | D:3      | Reached XP level 4. HP: 32/32 MP: 11/11
  2526 | D:3      | Learned a level 4 spell: Iskenderun's Mystic Blast
  2599 | D:3      | Reached skill level 1 in Hexes
  2599 | D:3      | Reached skill level 1 in Summonings
  2599 | D:3      | Reached skill level 1 in Necromancy
  2599 | D:3      | Reached skill level 1 in Translocations
  2599 | D:3      | Reached skill level 1 in Transmutations
  2599 | D:3      | Reached skill level 1 in Fire Magic
  2599 | D:3      | Reached skill level 1 in Ice Magic
  2599 | D:3      | Reached skill level 1 in Air Magic
  2599 | D:3      | Reached skill level 1 in Earth Magic
  2599 | D:3      | Reached skill level 1 in Poison Magic
  2691 | D:3      | Received a gift from Nemelex Xobeh
  3108 | D:4      | Reached *** piety under Nemelex Xobeh
  3118 | D:4      | Reached XP level 5. HP: 37/37 MP: 4/12
  3250 | D:4      | Found a shadowy altar of Dithmenos.
  3250 | D:4      | Noticed Pikel
  3250 | D:4      | Noticed a lemure
  3251 | D:4      | Killed a lemure
  3251 | D:4      | Killed a lemure
  3251 | D:4      | Killed Pikel
  3251 | D:4      | Killed a lemure
  3252 | D:4      | Reached skill level 5 in Dodging
  3252 | D:4      | Reached skill level 5 in Stealth
  3252 | D:4      | Reached XP level 6. HP: 46/46 MP: 12/14
  3252 | D:4      | Reached XP level 7. HP: 51/51 MP: 12/15
  3301 | D:4      | Received a gift from Nemelex Xobeh
  3381 | D:4      | Learned a level 3 spell: Mephitic Cloud
  3658 | D:5      | Entered Level 5 of the Dungeon
  3668 | D:5      | Found a staircase to the Ecumenical Temple.
  3676 | D:5      | Found Diff's Distillery.
  3699 | D:5      | Noticed Prince Ribbit
  3718 | D:5      | Killed Prince Ribbit
  3719 | D:5      | Reached XP level 8. HP: 45/58 MP: 7/17
  3786 | D:5      | Bought 2 potions of heal wounds for 130 gold pieces
  3786 | D:5      | Bought a potion of curing for 39 gold pieces
  3786 | D:5      | Bought a potion of attraction for 39 gold pieces
  4557 | D:5      | Received a gift from Nemelex Xobeh
  4655 | D:6      | Reached XP level 9. HP: 65/65 MP: 13/18
  5244 | D:6      | Reached skill level 8 in Conjurations
  5587 | D:6      | Found a radiant altar of Vehumet.
  5602 | D:6      | Identified the +8 rapier of the Horn {pain, Will++}
  5616 | D:6      | Noticed Maggie
  5628 | D:6      | Reached skill level 5 in Invocations
  5628 | D:6      | Killed Maggie
  5932 | D:6      | Found a white marble altar of Elyvilon.
  5952 | D:6      | Noticed Eustachio
  5961 | D:6      | Killed Eustachio
  5962 | D:6      | Reached skill level 5 in Fighting
  5962 | D:6      | Reached skill level 5 in Short Blades
  5962 | D:6      | Reached skill level 5 in Long Blades
  5962 | D:6      | Reached skill level 5 in Axes
  5962 | D:6      | Reached skill level 5 in Maces & Flails
  5962 | D:6      | Reached skill level 5 in Polearms
  5962 | D:6      | Reached skill level 5 in Staves
  5962 | D:6      | Reached skill level 5 in Ranged Weapons
  5962 | D:6      | Reached skill level 5 in Throwing
  5962 | D:6      | Reached skill level 5 in Armour
  5962 | D:6      | Reached skill level 5 in Shields
  5962 | D:6      | Reached skill level 5 in Unarmed Combat
  5962 | D:6      | Reached skill level 5 in Evocations
  5962 | D:6      | Reached XP level 10. HP: 74/74 MP: 4/20
  6196 | D:7      | Found an ornate altar of the Wu Jian Council.
  6198 | D:7      | Reached **** piety under Nemelex Xobeh
  6271 | D:7      | Found a flagged portal.
  6400 | Bailey   | Entered a bailey
  6892 | Bailey   | Noticed a gargoyle
  6899 | Bailey   | Killed a gargoyle
  6925 | Bailey   | Identified the +3 leather armour "Faang" {Fly rF++ rCorr
                  | Str-4}
  7047 | Bailey   | Identified the +4 troll leather armour of the Snake Pit
                  | {rF- Regen+ rCorr Stlth+}
  7145 | D:7      | Identified the +6 dagger of Fanom {antimagic, Dex+6}
  7226 | D:7      | Found Teti's Armour Emporium.
  7275 | D:7      | Found a sacrificial altar of Ru.
  7432 | D:7      | Received a gift from Nemelex Xobeh
  8865 | D:8      | Noticed a two-headed ogre
  8874 | D:8      | Killed a two-headed ogre
  8875 | D:8      | Reached skill level 5 in Hexes
  8875 | D:8      | Reached skill level 5 in Summonings
  8875 | D:8      | Reached skill level 5 in Necromancy
  8875 | D:8      | Reached skill level 5 in Translocations
  8875 | D:8      | Reached skill level 5 in Transmutations
  8875 | D:8      | Reached skill level 5 in Fire Magic
  8875 | D:8      | Reached skill level 5 in Ice Magic
  8875 | D:8      | Reached skill level 5 in Air Magic
  8875 | D:8      | Reached skill level 5 in Earth Magic
  8875 | D:8      | Reached skill level 5 in Poison Magic
  8875 | D:8      | Reached XP level 11. HP: 66/81 MP: 4/22
  9723 | D:8      | Received a gift from Nemelex Xobeh
 10024 | D:9      | Reached ***** piety under Nemelex Xobeh
 10734 | D:10     | Entered Level 10 of the Dungeon
 11042 | D:10     | Found a staircase to the Orcish Mines.
 11047 | D:10     | Reached skill level 9 in Conjurations
 11289 | D:10     | Found a staircase to the Lair.
 11432 | D:10     | Noticed a two-headed ogre
 11440 | D:10     | Killed a two-headed ogre
 11456 | D:10     | Noticed Harold
 11463 | D:10     | Killed Harold
 11465 | D:10     | Noticed a two-headed ogre
 11472 | D:10     | Killed a two-headed ogre
 12413 | D:11     | Noticed Amaemon
 12426 | D:11     | Killed Amaemon
 12614 | D:11     | Noticed a skeletal warrior
 12614 | D:11     | Noticed a skeletal warrior
 12614 | D:11     | Noticed a skeletal warrior
 12614 | D:11     | Noticed a skeletal warrior
 12616 | D:11     | Noticed a skeletal warrior
 12624 | D:11     | Killed a skeletal warrior
 12625 | D:11     | Killed a skeletal warrior
 12692 | D:11     | Slain by a skeletal warrior

Illustrated notes

Levels and vault maps discovered:
D:1:      wander_arrival_estate, layout_loops_ring, basic_ecumenical_altar
D:2:      layout_basic
D:3:      layout_basic, minmay_puff
D:4:      layout_rooms, grunt_dithmenos_smoke, uniq_pikel
D:5:      layout_gridville, minmay_temple_entry_proselytizer, serial_shops,
          nicolae_shop_advertising_works [nicolae_subvault_shop_adworks],
          uniq_prince_ribbit1
D:6:      minmay_evil_eye, layout_rooms, nicolae_overflow_hidden_temple,
          minmay_alternating_orb, uniq_eustachio, uniq_maggie
D:7:      layout_loops_ring, nicolae_overflow_crystal_walls,
          nicolae_ru_awakened_eye, serial_shops, kennysheep_little_box,
          enter_bailey_3, serial_aquarium, aquarium_bridge_straight
          [aquarium_subvault_bridge, aquarium_subvault_window,
          aquarium_subvault_bridge, aquarium_subvault_balcony],
          aquarium_window_fake, aquarium_window_3, aquarium_view_2d,
          aquarium_pool_split, kennysheep_cross_bottleneck,
          kennysheep_generic_room_9
D:8:      layout_loops_ring
D:9:      layout_irregular_city, serial_bayou, serial_bayou_pond_a,
          serial_bayou_shore_b, serial_bayou_ford_a, serial_bayou_crossing
D:10:     layout_basic, erik_lair_orcish_takeover, orc_david_3,
          serial_corexii_hall, corexii_hall_statues_x,
          chequers_hall_statues_wall_a, chequers_hall_statues_wall_a,
          chequers_hall_statues_corner_a, chequers_hall_statues_corner_a,
          corexii_hall_statues_t, uniq_harold
D:11:     layout_basic, serial_shops, nicolae_take_the_stairs, uniq_snorg,
          uniq_amaemon

Skill      XL: |  1  2  3  4  5  6  7  8  9 10 11 |
---------------+----------------------------------+-----
Spellcasting   | 5 6 7 8 |  8.7
Invocations    | 1 2 3 4 5 6 7 |  7.7
Fighting       | 1 2 3 5 6 7 |  7.0
Short Blades   | 1 2 3 5 6 7 |  7.0
Long Blades    | 1 2 3 5 6 7 |  7.0
Axes           | 1 2 3 5 6 7 |  7.0
Maces & Flails | 1 2 3 5 6 7 |  7.0
Polearms       | 1 2 3 5 6 7 |  7.0
Staves         | 1 2 3 5 6 7 |  7.0
Ranged Weapons | 1 2 3 5 6 7 |  7.0
Throwing       | 1 2 3 5 6 7 |  7.0
Armour         | 1 2 3 5 6 7 |  7.0
Shields        | 1 2 3 5 6 7 |  7.0
Unarmed Combat | 1 2 3 5 6 7 |  7.0
Evocations     | 1 2 3 5 6 7 |  7.0
Hexes          | 1 2 3 4 5 |  5.8
Summonings     | 1 2 3 4 5 |  5.8
Necromancy     | 1 2 3 4 5 |  5.8
Translocations | 1 2 3 4 5 |  5.8
Transmutations | 1 2 3 4 5 |  5.8
Fire Magic     | 1 2 3 4 5 |  5.8
Ice Magic      | 1 2 3 4 5 |  5.8
Air Magic      | 1 2 3 4 5 |  5.8
Earth Magic    | 1 2 3 4 5 |  5.8
Poison Magic   | 1 2 3 4 5 |  5.8
Dodging        | 5 6 7 8 |  8.5
Stealth        | 5 6 7 8 |  8.3
Conjurations   | 8 9 |  9.3

Action                   |  1- 3 |  4- 6 |  7- 9 | 10-12 || total
-------------------------+-------+-------+-------+-------++-------
Melee: Unarmed           |     2 |       |       |       ||     2
       Short sword       |    10 |       |       |       ||    10
       Dagger            |    32 |    56 |    71 |     8 ||   167
       Bite              |     6 |     4 |     4 |    12 ||    26
       Punch             |       |     3 |     2 |     5 ||    10
       Rapier            |       |       |     7 |   142 ||   149
 Fire: Shortbow          |       |       |       |    85 ||    85
 Cast: Magic Dart        |    23 |     5 |    12 |     8 ||    48
       Searing Ray       |    16 |     5 |    20 |    22 ||    63
       Iskenderun's Myst |       |     1 |    29 |    69 ||    99
Invok: Draw Destruction  |       |     1 |    11 |    15 ||    27
       Draw Escape       |       |       |     1 |     1 ||     2
       Draw Summoning    |       |       |       |     3 ||     3
Evoke: Wand              |       |       |       |     3 ||     3
  Use: Scroll            |       |       |    11 |    10 ||    21
 Stab: Sleeping          |     9 |     6 |     1 |     9 ||    25
       Distracted        |       |       |     1 |       ||     1
Armor: Robe              |     6 |       |       |       ||     6
       Leather armour    |     1 |    18 |    34 |   131 ||   184
Dodge: Dodged            |    24 |    28 |    49 |   181 ||   282
Block: Other             |     6 |     7 |    19 |    62 ||    94
       Reflection        |       |       |     1 |     4 ||     5
